 Dungeon Crawl Stone Soup version 0.32-a0-599-gba8f9cf90e (webtiles) character file.

Game seed: 2967441780364905651

106 Jannitor the Vexing (level 4, -4/34 HPs)
             Began as a Gnoll Hexslinger on Mar 3, 2024.
             Slain by a gnoll
             ... wielding a +0 flail
              (8 damage)
             ... on level 4 of the Dungeon.
             The game lasted 00:04:31 (2053 turns).

Jannitor the Vexing (Gnoll Hexslinger)              Turns: 2053, Time: 00:04:32

Health: -4/34      AC:  4    Str:  9    XL:     4   Next: 84%
Magic:  8/8        EV: 14    Int: 13    God:
Gold:   93         SH:  0    Dex: 14    Spells: 4/9 levels left

rFire   . . .        a - +1 sling
rCold   . . .        (no shield)
rNeg    . . .        c - +0 robe
rPois   .            j - +1 helmet
rElec   .            (no cloak)
rCorr   .            (no gloves)
SInv    .            (no boots)
Will    .....        (no amulet)
Stlth   ++           (no ring)
HPRegen 0.25/turn    (no ring)
MPRegen 0.11/turn

%: no passive effects
@: no status effects
A: fangs 1, strong nose, distributed training
a: no special abilities


You were on level 4 of the Dungeon.
You visited 1 branch of the dungeon, and saw 4 of its levels.

You collected 119 gold pieces.
You spent 26 gold pieces at shops.

Inventory:

Hand Weapons
 a - a +1 sling (weapon)
 f - a +1 dagger of freezing
 p - a +0 quarterstaff
Missiles
 i - 3 poisoned darts
Armour
 c - a +0 robe (worn)
 j - a +1 helmet (worn)
 k - a +0 ring mail
Magical Staves
 n - a staff of cold
Jewellery
 h - a ring of magical power
 u - an amulet of the acrobat
Scrolls
 b - a scroll of poison
 d - 4 scrolls of identify
 t - a scroll of immolation
Potions
 l - a potion of degeneration {unknown}
 m - a potion of brilliance {unknown}
 q - a potion of experience {unknown}
 r - a potion of curing {unknown}
 s - a potion of haste {unknown}


   Skills:
 + Level 2.8 Fighting
 + Level 1.3 Short Blades
 + Level 1.3 Long Blades
 + Level 1.3 Axes
 + Level 1.3 Maces & Flails
 + Level 1.3 Polearms
 + Level 1.3 Staves
 + Level 4.7 Ranged Weapons
 + Level 1.3 Throwing
 + Level 1.3 Armour
 + Level 4.7 Dodging
 + Level 1.3 Stealth
 + Level 1.3 Shields
 + Level 1.3 Unarmed Combat
 + Level 3.1 Spellcasting
 + Level 1.0 Conjurations
 + Level 5.5 Hexes
 + Level 1.0 Summonings
 + Level 1.0 Necromancy
 + Level 1.0 Translocations
 + Level 2.3 Fire Magic
 + Level 1.0 Ice Magic
 + Level 1.0 Air Magic
 + Level 1.0 Earth Magic
 + Level 1.0 Alchemy
 + Level 1.4 Invocations
 + Level 1.3 Evocations
 + Level 1.2 Shapeshifting


You had 4 spell levels left.
You knew the following spells:

 Your Spells              Type           Power      Damage    Failure   Level
a - Jinxbite              Hex            32%        N/A       3%          2
b - Sigil of Binding      Hex            16%        N/A       7%          3

Your spell library contained the following spells:

 Spells                   Type           Power      Damage    Failure   Level
 Inner Flame              Hex/Fire       12%        N/A       14%         3
 Cause Fear               Hex            8%         N/A       24%         4
 Dimensional Bullseye     Hex/Tloc       5%         N/A       52%         4


Dungeon Overview and Level Annotations

Branches:
Dungeon (4/15)
 Temple: D:4-7

Altars:
Wu Jian

Shops:
D:2 :[=?

Annotations:
D:3 Grinder


Innate Abilities, Weirdness & Mutations

You have very sharp teeth.
Your uncanny sense of smell can sniff out nearby items.
Your experience applies equally to all skills.


Message History

The gnoll hits you with a +0 flail.
You shoot a sling bullet. The sling bullet hits the gnoll.
The gnoll is heavily wounded.
The gnoll closely misses you.
You shoot a sling bullet.
The sling bullet closely misses the gnoll.
The gnoll hits you with a +0 flail.
You shoot a sling bullet.
The sling bullet barely misses the gnoll.
The gnoll hits you with a +0 flail.
You shoot a sling bullet.
The sling bullet closely misses the gnoll.
The gnoll hits you with a +0 flail! The gnoll barely misses you.
You are too injured to fight recklessly!
Fire: a) +1 sling
Press: ? - help, Q - select action, (/) - cycle Shift-Dir - straight line, f/p - gnoll
Aim: a gnoll, wielding a +0 flail (heavily wounded, 64% to hit)
You shoot a sling bullet.
The sling bullet barely misses the gnoll.
The gnoll hits you with a +0 flail!
* * * LOW HITPOINT WARNING * * *
Fire: a) +1 sling
Press: ? - help, Q - select action, (/) - cycle Shift-Dir - straight line, f/p - gnoll
Aim: a gnoll, wielding a +0 flail (heavily wounded, 64% to hit)
You shoot a sling bullet. The sling bullet hits the gnoll.
The gnoll is severely wounded.
The gnoll closely misses you.
Fire: a) +1 sling
Press: ? - help, Q - select action, (/) - cycle Shift-Dir - straight line, f/p - gnoll
Aim: a gnoll, wielding a +0 flail (severely wounded, 64% to hit)
You shoot a sling bullet.
The sling bullet barely misses the gnoll.
The gnoll closely misses you.
Fire: a) +1 sling
Press: ? - help, Q - select action, (/) - cycle Shift-Dir - straight line, f/p - gnoll
Aim: a gnoll, wielding a +0 flail (severely wounded, 64% to hit)
You shoot a sling bullet.
The sling bullet barely misses the gnoll.
The gnoll hits you with a +0 flail!
You die...

... .....
..... ..°..
##☼§○# ####☼☼#
§°.#####○°.○#
§§.°○°☼@g°§§#
§°§☼☼○○##.§○##
☼.§#### ##§○°#
○ #.g°# ##.§#
...°# #....§.
........
#........[.


You could see 2 gnolls.

Vanquished Creatures
  A gnoll (D:3)
  2 adders (D:2)
  A ribbon worm (D:2)
  A dart slug (D:1)
  6 endoplasms
  2 giant cockroaches
  6 goblins
  3 hobgoblins (D:1)
  14 jackals
  6 kobolds
  3 quokkas
  3 ball pythons
  8 bats
  2 frilled lizards
  8 rats
66 creatures vanquished.

Notes
Turn   | Place    | Note
-------+----------+-------------------------------------------
     0 | D:1      | Jannitor the Gnoll Hexslinger began the quest for the Orb.
     0 | D:1      | Reached XP level 1. HP: 17/17 MP: 4/4
    49 | D:1      | Reached XP level 2. HP: 15/23 MP: 5/5
    86 | D:1      | Learned a level 2 spell: Jinxbite
   392 | D:1      | Reached XP level 3. HP: 28/28 MP: 7/7
   522 | D:1      | Reached skill level 1 in Invocations
   588 | D:1      | Reached skill level 1 in Short Blades
   588 | D:1      | Reached skill level 1 in Long Blades
   588 | D:1      | Reached skill level 1 in Axes
   588 | D:1      | Reached skill level 1 in Maces & Flails
   588 | D:1      | Reached skill level 1 in Polearms
   588 | D:1      | Reached skill level 1 in Staves
   588 | D:1      | Reached skill level 1 in Throwing
   588 | D:1      | Reached skill level 1 in Armour
   588 | D:1      | Reached skill level 1 in Stealth
   588 | D:1      | Reached skill level 1 in Shields
   588 | D:1      | Reached skill level 1 in Unarmed Combat
   588 | D:1      | Reached skill level 1 in Evocations
   685 | D:1      | Found a faded altar of an unknown god.
   920 | D:2      | Learned a level 3 spell: Sigil of Binding
   921 | D:2      | Found Tyeqy's Jewellery Boutique.
   930 | D:2      | Reached skill level 1 in Shapeshifting
   930 | D:2      | Reached XP level 4. HP: 33/34 MP: 8/8
   983 | D:2      | Found Wesets's Magic Scroll Boutique.
   994 | D:2      | Bought a scroll of identify for 26 gold pieces
  1029 | D:2      | Reached skill level 1 in Conjurations
  1029 | D:2      | Reached skill level 1 in Summonings
  1029 | D:2      | Reached skill level 1 in Necromancy
  1029 | D:2      | Reached skill level 1 in Translocations
  1029 | D:2      | Reached skill level 1 in Ice Magic
  1029 | D:2      | Reached skill level 1 in Air Magic
  1029 | D:2      | Reached skill level 1 in Earth Magic
  1029 | D:2      | Reached skill level 1 in Alchemy
  1330 | D:2      | Found Tanwim's Book Emporium.
  1437 | D:2      | Found Umaeqol's Antique Armour Shop.
  1638 | D:3      | Found an ornate altar of the Wu Jian Council.
  1822 | D:3      | Noticed Grinder
  1831 | D:3      | Paralysed by Grinder for 4 turns
  2053 | D:4      | Slain by a gnoll

Illustrated notes

Levels and vault maps discovered:
D:1:      saegor_arrival_simple_c, layout_basic,
          dreamdust_ecumenical_altar_hidden_monk_grotto, hex_medium
D:2:      layout_basic, serial_shops, nicolae_shop_competitors_out_of_business,
          shop, nicolae_shop_statue_plus, nicolae_shop_hallway_plus
D:3:      layout_basic, nzn_wu_jian_contemplation, chequers_avenue,
          chequers_serial_rivers_small_b, uniq_ijyb, uniq_grinder
D:4:      layout_cave_pods, grunt_temple_overflow_open,
          cheibrodos_sewer_entry_bend, nicolae_custom_books, minmay_statues_item

Skill      XL: |  1  2  3  4 |
---------------+-------------+-----
Fire Magic     | 2 |  2.3
Invocations    | 1 |  1.4
Short Blades   | 1 |  1.3
Long Blades    | 1 |  1.3
Axes           | 1 |  1.3
Maces & Flails | 1 |  1.3
Polearms       | 1 |  1.3
Staves         | 1 |  1.3
Throwing       | 1 |  1.3
Armour         | 1 |  1.3
Stealth        | 1 |  1.3
Shields        | 1 |  1.3
Unarmed Combat | 1 |  1.3
Evocations     | 1 |  1.3
Shapeshifting  | 1 |  1.2
Spellcasting   | 3 |  3.1
Conjurations   | 1 |  1.0
Summonings     | 1 |  1.0
Necromancy     | 1 |  1.0
Translocations | 1 |  1.0
Ice Magic      | 1 |  1.0
Air Magic      | 1 |  1.0
Earth Magic    | 1 |  1.0
Alchemy        | 1 |  1.0
Fighting       | |  2.8
Ranged Weapons | |  4.7
Dodging        | |  4.7
Hexes          | |  5.5

Action                     |  1- 3 |  4- 6 || total
---------------------------+-------+-------++-------
  Melee: Dagger            |     2 |     3 ||     5
   Fire: Sling             |   102 |    79 ||   181
   Cast: Jinxbite          |     3 |       ||     3
    Use: Scroll            |     2 |     3 ||     5
         Potion            |       |     2 ||     2
   Stab: Invisible         |       |     2 ||     2
 Armour: Robe              |    26 |    31 ||    57
  Dodge: Dodged            |    30 |    27 ||    57

Table legend: (Time is in decaauts)
 A = Elapsed time spent in this place.
 B = Non-inter-level travel time spent in this place.
 C = Inter-level travel time spent in this place.
 D = Time resting spent in this place.
 E = Time spent auto-exploring this place.
 F = Levels seen in this place.
 G = Mean time per level.
                   A        B        C        D        E       F      G
               +--------+--------+--------+--------+--------+-----+--------+
         Total |   2082 |   1799 |    283 |    177 |   1205 |   4 |  520.5 |
       Dungeon |   2082 |   1799 |    283 |    177 |   1205 |   4 |  520.5 |
               +--------+--------+--------+--------+--------+-----+--------+

Top non-repeatable levels by time:
     D:1: 923 daAuts
     D:2: 814 daAuts
     D:3: 316 daAuts
     D:4: 28 daAuts
